 Dungeon Crawl Stone Soup version 0.28-a0-983-g1de4e0787c (webtiles) character file.

Game seed: 5967189977719977211

441 Goblin1989 the Sneak (level 6, -3/70 HPs)
             Began as a Demonspawn Brigand on Dec 3, 2021.
             Was a Follower of Cheibriados.
             Slain by a kobold brigand (5 damage)
             ... on level 4 of the Dungeon.
             The game lasted 00:06:45 (3930 turns).

Goblin1989 the Sneak (Demonspawn Brigand)           Turns: 3930, Time: 00:06:46

Health: -3/70      AC: 23    Str: 16    XL:     6   Next: 71%
Magic:  6/6        EV:  2    Int: 14    God:    Cheibriados [*.....]
Gold:   145        SH:  0    Dex: 16    Spells: 5/5 levels left

rFire   . . .      SeeInvis .   a - +2 short sword (venom)
rCold   . . .      Faith    .   (no shield)
rNeg    . . .      Spirit   .   (armour currently unavailable)
rPois   +          Reflect  .   (helmet currently unavailable)
rElec   .          Harm     .   (cloak currently unavailable)
rCorr   .          Rampage  .   (gloves currently unavailable)
Will    .....      NoTele   +   (boots currently unavailable)
Stlth   +++.......              (no amulet)
HPRegen 0.21/turn               l - ring of flight
MPRegen 0.10/turn               (no ring)

@: brilliant, tree-form, very slow
A: stationary, stasis, torment immunity, boosted hp, (antennae 1)
a: Renounce Religion, Bend Time


You were on level 4 of the Dungeon.
You worshipped Cheibriados.
Cheibriados was aware of your devotion.
You were a tree.
You visited 1 branch of the dungeon, and saw 4 of its levels.

You collected 145 gold pieces.

Inventory:

Hand Weapons
 a - a +2 short sword of venom (weapon)
Missiles
 d - 8 poisoned darts (quivered)
 e - 2 curare-tipped darts
 o - 9 javelins {@Q2}
Armour
 c - a +0 cloak (melded)
 n - a +0 leather armour of poison resistance (melded)
Jewellery
 l - a ring of flight (left branch)
Scrolls
 g - 7 scrolls of identify {unknown}
 h - 2 scrolls of teleportation {unknown}
 j - 2 scrolls of fear {unknown}
 k - 2 scrolls of fog {unknown}
 p - 3 scrolls of enchant armour {unknown}
 q - a scroll of enchant weapon {unknown}
 r - a scroll of brand weapon {unknown}
Potions
 i - 2 potions of flight
 m - 3 potions of curing {@q1}
 s - 2 potions of lignification


   Skills:
 + Level 3.4 Fighting
 * Level 4.3 Short Blades
 + Level 2.7 Throwing
 + Level 2.4 Dodging
 + Level 4.6 Stealth


You had 5 spell levels left.
You didn't know any spells.
Your spell library contained the following spells:

 Spells                   Type           Power      Damage    Failure   Level
 Ensorcelled Hibernation  Hex/Ice        0%         N/A       41%         2
 Dazzling Flash           Conj/Hex       0%         N/A       65%         3
 Tukima's Dance           Hex            0%         N/A       65%         3
 Iskenderun's Mystic Bla  Conj/Tloc      0%         2d3       96%         4
 Starburst                Conj/Fire      0%         6d3       100%        6


Dungeon Overview and Level Annotations

Branches:
Dungeon (4/15)
 Temple: D:4-7

Altars:
Cheibriados

Annotations:
D:4 1 transporter, ThreePoint314's ghost, novice HOFi


Innate Abilities, Weirdness & Mutations

You are a tree.
Your roots penetrate the ground, keeping you stationary.
You cannot be teleported.
You are immune to unholy pain and torment.
Your maximum health is greatly increased.
Your equipment is partially melded.
((You have a pair of small antennae on your head.))


Message History

No target in view!
No target in view!
No target in view!
No target in view!
No target in view!
No target in view!
No target in view!
No target in view!
No target in view!
No target in view!
No target in view!
No target in view!
You see here 18 stones {@Q3}.
There is an open door here.
g - 7 scrolls labelled FEOBLY OTAOMEU (gained 1)
A goblin, a kobold brigand and an orc priest come into view.
The kobold brigand is wielding a +0 short sword and quivering poisoned darts.
The goblin shouts!
The orc priest shouts!
You hear a shout!
A gnoll sergeant comes into view. It is wielding a +0 trident.
A howler monkey comes into view.
The orc priest looks satisfied for a moment.
The kobold brigand enters a dispersal trap!
The goblin blinks!
The gnoll sergeant blinks!
The orc priest blinks!
The howler monkey blinks!
You blink.
Found four items.
The kobold brigand blinks!
The orc priest misses you.
The kobold brigand hits you with a +0 short sword.
The howler monkey howls!
There are monsters nearby!
There are monsters nearby!
Unknown command.
You fail to use your ability.
The gnoll sergeant hits you from afar with a +0 trident!
The orc priest hits you with a +0 hand axe.
The kobold brigand completely misses you.
You take 13 damage, and have 29/47 hp.
MASSIVE DAMAGE!!
Unknown command.
Unknown command.
Unknown command.
You hit the orc priest.
The orc priest is poisoned.
The orc priest is moderately wounded.
The gnoll sergeant barely misses you. The goblin hits you but does no damage.
The orc priest hits you with a +0 hand axe.
The kobold brigand barely misses you.
You take 3 damage, and have 26/47 hp.
You closely miss the orc priest.
The orc priest is heavily wounded.
The howler monkey hoots and howls with incredible vigour!
The gnoll sergeant hits you from afar with a +0 trident!
* * * LOW HITPOINT WARNING * * *
The goblin hits you with a +0 club.
* * * LOW HITPOINT WARNING * * *
The kobold brigand barely misses you.
The orc priest hits you with a +0 hand axe.
* * * LOW HITPOINT WARNING * * *
You hear a shout!
You take 15 damage, and have 11/47 hp.
MASSIVE DAMAGE!!
Unknown command.
You barely miss the orc priest.
The orc priest is heavily wounded.
The howler monkey closely misses you. The goblin hits you with a +0 club.
* * * LOW HITPOINT WARNING * * *
The gnoll sergeant hits you but does no damage.
You take 1 damage, and have 10/47 hp.
Unknown command.
It was a potion of lignification.
You turn into a tree.
Your +0 cloak melds into your body.
Your +0 leather armour of poison resistance melds into your body.
You no longer feel resistant to poison.
Your roots penetrate the ground.
The kobold brigand hits you with a +0 short sword.
* * * LOW HITPOINT WARNING * * *
The orc priest hits you but does no damage.
The howler monkey hits you but does no damage.
The gnoll sergeant hits you from afar with a +0 trident!
* * * LOW HITPOINT WARNING * * *
The goblin hits you but does no damage.
You now have 3/70 hp.
It was a potion of brilliance.
You feel clever all of a sudden. The howler monkey hits you.
* * * LOW HITPOINT WARNING * * *
The kobold brigand barely misses you.
The orc priest hits you but does no damage.
The goblin hits you but does no damage.
The gnoll sergeant hits you but does no damage.
You hit the orc priest.
The orc priest looks as sick as possible!
The orc priest is almost dead.
You kill the orc priest!
Cheibriados appreciates the change of pace.
The howler monkey hits you but does no damage.
The kobold brigand hits you but does no damage.
The howler monkey hits you but does no damage.
Unknown command.
You hit the kobold brigand.
The kobold brigand is poisoned.
The kobold brigand is lightly wounded.
The gnoll sergeant hits you from afar with a +0 trident.
* * * LOW HITPOINT WARNING * * *
The goblin hits you but does no damage.
The kobold brigand hits you with a +0 short sword.
You die...

██.█ █.......█ ██.█
█.████....█ ...█ █...
█.........█ █..█ █..
██.████...█ ...█ █..
.██ █...█ .. █.██ █..
..█ █...█████ ..█
█.█████████.█ █........
███ █.█..gh^)!█.█
█........ █
█.∆...g♣.(█.███.███████
█ █.█..?.K.!█..██.█ █
█.█████████.....█ █
█..█....)∆÷.█████
█..█....(█.██
█..███████.████.█
█...█†(.█.......█
█.█.██.██.█████.█
█.█..█∆█..█


You could see a kobold brigand (very poisoned), a gnoll sergeant, a howler
monkey and a goblin.

Vanquished Creatures
  An ogre (D:4)
  A lemure (D:4)
  A scorpion (D:4)
  A jelly (D:4)
  An orc priest (D:4)
  An iguana (D:3)
  2 orc wizards (D:4)
  6 adders
  3 worms
  3 dart slugs
  7 orcs
  3 bats
  4 endoplasms
  A giant cockroach (D:1)
  12 goblins
  13 hobgoblins
  13 kobolds
  2 quokkas
  10 ball pythons
  A frilled lizard (D:1)
  4 rats
90 creatures vanquished.

Notes
Turn   | Place    | Note
-------+----------+-------------------------------------------
     0 | D:1      | Goblin1989 the Demonspawn Brigand began the quest for the
                  | Orb.
     0 | D:1      | Reached XP level 1. HP: 16/16 MP: 1/1
    90 | D:1      | Reached skill level 1 in Dodging
    98 | D:1      | Gained mutation: You have a pair of small antennae on your
                  | head. [demonic ancestry]
    98 | D:1      | Reached XP level 2. HP: 22/22 MP: 2/2
   526 | D:1      | Reached XP level 3. HP: 27/27 MP: 3/3
  1456 | D:2      | Reached XP level 4. HP: 28/34 MP: 4/4
  2522 | D:3      | Found a snail-covered altar of Cheibriados.
  2528 | D:3      | Became a worshipper of Cheibriados the Contemplative
  2741 | D:3      | Reached XP level 5. HP: 36/40 MP: 5/5
  3306 | D:4      | Noticed an ogre
  3310 | D:4      | Killed an ogre
  3311 | D:4      | Reached XP level 6. HP: 39/47 MP: 6/6
  3369 | D:4      | Found a transporter.
  3371 | D:4      | Noticed ThreePoint314's ghost (novice HOFi)
  3392 | D:4      | Reached * piety under Cheibriados
  3927 | D:4      | HP: 3/70 [gnoll sergeant (7)]
  3930 | D:4      | Slain by a kobold brigand

Illustrated notes

Levels and vault maps discovered:
D:1:      wander_arrival_abandoned_jail, layout_basic, serial_glass,
          glass_columns_b, glass_columns_a, minmay_small_reverse_x
D:2:      layout_basic
D:3:      layout_basic, kennysheep_slug_shrine
D:4:      layout_loops_ring, gammafunk_ghost_mausoleum, minmay_divided_ellipse,
          uniq_pikel

Skill      XL: |  1  2  3  4  5 |
---------------+----------------+-----
Short Blades   | 2 3 4 |  4.3
Dodging        | 1 2 |  2.4
Stealth        | 4 |  4.6
Throwing       | 2 |  2.7
Fighting       | 3 |  3.4

Action                   |  1- 3 |  4- 6 || total
-------------------------+-------+-------++-------
Melee: Dagger            |     6 |       ||     6
       Short sword       |    92 |   121 ||   213
Throw: Dart              |       |     2 ||     2
  Use: Potion            |       |     4 ||     4
 Stab: Sleeping          |    10 |     8 ||    18
Armor: Robe              |     9 |       ||     9
       Leather armour    |    13 |    23 ||    36
       Skin              |       |    10 ||    10
Dodge: Dodged            |    42 |    53 ||    95

Table legend: (Time is in decaauts)
 A = Elapsed time spent in this place.
 B = Non-inter-level travel time spent in this place.
 C = Inter-level travel time spent in this place.
 D = Time resting spent in this place.
 E = Time spent auto-exploring this place.
 F = Levels seen in this place.
 G = Mean time per level.
                   A        B        C        D        E       F      G
               +--------+--------+--------+--------+--------+-----+--------+
         Total |   4073 |   3948 |    125 |    621 |   2700 |   4 | 1018.2 |
       Dungeon |   4073 |   3948 |    125 |    621 |   2700 |   4 | 1018.2 |
               +--------+--------+--------+--------+--------+-----+--------+

Top non-repeatable levels by time:
     D:2: 1156 daAuts
     D:4: 1114 daAuts
     D:1: 1036 daAuts
     D:3: 766 daAuts
